 Dungeon Crawl Stone Soup version 0.26-a0-712-ga5a9c9c9d0 (webtiles) character file.

Game seed: 3625694402143002991

89 Arthanis the Skirmisher (level 4, -3/43 HPs)
             Began as a Gargoyle Berserker on Nov 7, 2020.
             Was a Follower of Trog.
             Killed by divine providence
             ... invoked by an orc priest
              (15 damage)
             ... on level 2 of the Dungeon.
             The game lasted 00:01:33 (1811 turns).

Arthanis the Skirmisher (Gargoyle Berserker)        Turns: 1811, Time: 00:01:34

Health: -3/43      AC: 13    Str: 21    XL:     4   Next: 55%
Magic:  4/4        EV:  8    Int:  8    God:    Trog [*.....]
Gold:   60         SH:  0    Dex:  9    Spells: 3/3 levels left

rFire    . . .     SeeInvis .   a - +0 hand axe
rCold    . . .     Faith    .   (no shield)
rNeg     + . .     Spirit   .   f - +0 chain mail
rPois    ∞         Reflect  .   (no helmet)
rElec    +         Harm     .   (no cloak)
rCorr    .         Rampage  .   g - +0 pair of gloves
MR       .....                  (no boots)
Stlth    ..........             (no amulet)
HPRegen  0.14/turn              k - ring of wizardry
MPRegen  0.09/turn              (no ring)

@: berserking (expiring), very quick
A: negative energy resistance 1, electricity resistance, unbreathing,
petrification resistance, rot immunity, AC +3
a: Berserk, Renounce Religion


You were on level 2 of the Dungeon.
You worshipped Trog.
Trog was aware of your devotion.
You visited 1 branch of the dungeon, and saw 2 of its levels.

You collected 60 gold pieces.

Inventory:

Hand Weapons
 a - a +0 hand axe (weapon)
Armour
 b - a +0 animal skin
 f - a +0 chain mail (worn)
 g - a +0 pair of gloves (worn)
 n - a +1 robe of resistance
Jewellery
 k - a ring of wizardry (left hand)
Scrolls
 c - 2 scrolls of remove curse {unknown}
 d - a scroll of amnesia {unknown}
 e - a scroll of fog {unknown}
 h - a scroll of teleportation {unknown}
 i - a scroll of enchant weapon {unknown}
 j - 2 scrolls of identify {unknown}
 l - a scroll of immolation {unknown}
Potions
 m - a potion of magic {unknown}
 o - a potion of haste {unknown}
 p - a potion of brilliance {unknown}
 q - a potion of heal wounds {unknown}
 r - a potion of cancellation {unknown}
 s - a potion of curing {unknown}


   Skills:
 + Level 3.9 Fighting
 * Level 3.7 Axes
 + Level 3.0 Armour
 - Level 2.0 Dodging


You had 3 spell levels left.
You didn't know any spells.
Your spell library was empty.

Dungeon Overview and Level Annotations

Branches:
Dungeon (2/15)

Altars:
Vehumet


Innate Abilities, Weirdness & Mutations

You are resistant to torment.
Your stone body is resilient. (AC +3)
You are immune to poison.
You resist negative energy. (rN+)
You are resistant to electric shocks. (rElec)
You can survive without breathing.
You are immune to petrification.
You are immune to rotting.


Message History

Something hits you but does no damage. The orc priest barely misses you.
You closely miss the orc priest.
The orc priest is severely wounded.
You closely miss something. Something hits you but does no damage.
You completely miss the orc priest.
The orc priest is severely wounded.
You miss something. The orc priest barely misses you.
Something hits you but does no damage.
The orc wizard mumbles some strange words.
The orc wizard seems to speed up.
You closely miss the orc priest.
The orc priest is severely wounded.
You miss something.
You hear some strange, mumbled words.
A magic dart appears from out of thin air!
The magic dart hits you.
* * * LOW HITPOINT WARNING * * *
The orc priest invokes the aid of Beogh against you.
Beogh smites you!
You die...

#### # #... #.#.#.###
........#### ###
###........ ..#
.......o<####### #.#
##..§@(#.....#####.###
......{†o'.....'......>.
####.....#.....#####..##
........#.....# #..## .
...............# ###..##
#................#
#......
..###...........#
#.#..## ...............#
#.#..## #........)...#
#.#....


You could see an orc priest and an orc wizard (fast).

Vanquished Creatures
  Jessica (D:2)
  3 adders (D:2)
  A worm (D:2)
  2 dart slugs (D:1)
  An orc (D:2)
  A bat (D:1)
  A giant cockroach (D:1)
  2 goblins
  3 hobgoblins
  6 jackals (D:2)
  A quokka (D:2)
  A frilled lizard (D:2)
  2 kobolds
  4 rats
29 creatures vanquished.

Notes
Turn   | Place    | Note
-------+----------+-------------------------------------------
     0 | D:1      | Arthanis the Gargoyle Berserker began the quest for the
                  | Orb.
     0 | D:1      | Reached XP level 1. HP: 14/14 MP: 1/1
   338 | D:1      | Reached XP level 2. HP: 19/19 MP: 2/2
  1225 | D:2      | Noticed Jessica
  1236 | D:2      | Killed Jessica
  1236 | D:2      | Reached XP level 3. HP: 24/24 MP: 3/3
  1252 | D:2      | Reached XP level 4. HP: 16/29 MP: 4/4
  1712 | D:2      | Found a radiant altar of Vehumet.
  1811 | D:2      | Killed from afar by an orc priest

Illustrated notes

Levels and vault maps discovered:
D:1:      ncdulo_wetmaze, layout_loops_corners, hex_tiny,
          corexii_hall_statues_u, roderic_lattice_a, hangedman_glass_garden,
          nrook_campfire
D:2:      layout_basic, vehumet_crystals,
          chequers_ecumenical_altar_simple_redux, serial_glass, glass_columns_c,
          glass_columns_a, uniq_jessica

Skill      XL: |  1  2  3  4 |
---------------+-------------+-----
Axes           | 3 |  3.7
Dodging        | 2 |  2.0
Armour         | 3 |  3.0
Fighting       | |  3.9

Action                   |  1- 3 |  4- 6 || total
-------------------------+-------+-------++-------
Melee: Hand axe          |    76 |    64 ||   140
Invok: Berserk           |     1 |     1 ||     2
Armor: Animal skin       |     4 |       ||     4
       Chain mail        |    50 |    48 ||    98
Dodge: Dodged            |    49 |    38 ||    87

Table legend: (Time is in decaauts)
 A = Elapsed time spent in this place.
 B = Non-inter-level travel time spent in this place.
 C = Inter-level travel time spent in this place.
 D = Time resting spent in this place.
 E = Time spent auto-exploring this place.
 F = Levels seen in this place.
 G = Mean time per level.
                   A        B        C        D        E       F      G
               +--------+--------+--------+--------+--------+-----+--------+
         Total |   1838 |   1813 |     25 |      0 |   1512 |   2 |  919.0 |
       Dungeon |   1838 |   1813 |     25 |      0 |   1512 |   2 |  919.0 |
               +--------+--------+--------+--------+--------+-----+--------+

Top non-repeatable levels by time:
     D:1: 1153 daAuts
     D:2: 685 daAuts
